 Dungeon Crawl Stone Soup version 0.29-a0-344-ge2f44be95a (webtiles) character file.

Game seed: 18221654069724498252

79 Dauddaud the Chopper (level 4, 0/58 HPs)
             Began as a Minotaur Berserker on Apr 21, 2022.
             Was a Believer of Trog.
             Slain by a gnoll
             ... wielding a +1 vorpal spear
              (1 damage)
             ... on level 2 of the Dungeon.
             The game lasted 00:01:37 (1600 turns).

Dauddaud the Chopper (Minotaur Berserker)           Turns: 1600, Time: 00:01:38

Health: 0/58       AC:  8    Str: 24    XL:     4   Next: 17%
Magic:  3/3        EV:  8    Int:  4    God:    Trog [**....]
Gold:   98         SH:  0    Dex:  9    Spells: 3/3 levels left

rFire   . . .      SeeInvis .   a - +0 hand axe
rCold   . . .      Faith    .   (no shield)
rNeg    . . .      Spirit   .   e - +0 chain mail
rPois   .          Reflect  .   (helmet restricted)
rElec   .          Harm     .   (no cloak)
rCorr   .          Rampage  .   (no gloves)
Will    .....                   (no boots)
Stlth   ..........              (no amulet)
HPRegen 0.19/turn               (no ring)
MPRegen 0.08/turn               (no ring)

@: berserking, very quick
A: horns 2, retaliatory headbutt
a: Renounce Religion, Berserk, Trog's Hand


You were on level 2 of the Dungeon.
You worshipped Trog.
Trog was pleased with you.
You visited 1 branch of the dungeon, and saw 2 of its levels.

You collected 98 gold pieces.

Inventory:

Hand Weapons
 a - a +0 hand axe (weapon)
Armour
 b - a +0 animal skin
 e - a +0 chain mail (worn)
Jewellery
 g - a ring of protection from fire
Scrolls
 d - a scroll of amnesia {unknown}
 f - a scroll of magic mapping {unknown}
 i - a scroll of identify {unknown}
 j - 2 scrolls of vulnerability {unknown}
 k - a scroll of teleportation {unknown}
 l - a scroll of fog {unknown}
Potions
 c - a potion of brilliance {unknown}
 h - a potion of berserk rage {unknown}


   Skills:
 - Level 3.6 Fighting
 + Level 6.1 Axes
 - Level 2.4 Armour
 - Level 2.1 Dodging


You had 3 spell levels left.
You didn't know any spells.
Your spell library was empty.

Dungeon Overview and Level Annotations

Branches:
Dungeon (2/15)

Altars:


Innate Abilities, Weirdness & Mutations

You have a pair of horns on your head.
You reflexively headbutt those who attack you in melee.


Message History

Trog accepts your kill.
You closely miss the gnoll.
You headbutt the gnoll, but do no damage.
The gnoll hits you with a +0 whip. The gnoll closely misses you.
You hit the gnoll but do no damage. The gnoll hits you with a +0 whip.
The gnoll completely misses you.
You slash the gnoll!
The gnoll is severely wounded.
The gnoll hits you with a +0 whip.
The gnoll hits you from afar with a +0 spear.
* * * LOW HITPOINT WARNING * * *
You slash the gnoll!
You kill the gnoll!
Trog accepts your kill.
The gnoll hits you from afar with a +0 spear.
* * * LOW HITPOINT WARNING * * *
Your Axes skill increases to level 6!
You have reached level 4!
You feel stronger.
A red film seems to cover your vision as you go berserk!
You feel yourself moving faster!
You feel mighty!
The gnoll hits you from afar with a +0 spear.
* * * LOW HITPOINT WARNING * * *
You feel a strong urge to attack something.
The gnoll hits you but does no damage. The gnoll closely misses you.
Things that are here:
a +0 whip; a +0 spear; a gnoll corpse You slash the gnoll!
The gnoll is almost dead.
The gnoll hits you from afar with a +1 vorpal spear.
* * * LOW HITPOINT WARNING * * *
x2 The gnoll hits you with a +0 spear.
* * * LOW HITPOINT WARNING * * *
You slash the gnoll!
You kill the gnoll!
Trog accepts your kill.
Found a scroll labelled ARHILL NIPANK.
The gnoll hits you with a +1 vorpal spear.
* * * LOW HITPOINT WARNING * * *
You die...

...# ########## ...#
....?.. ...# .......
...###### .......
........# .......
........# .......
........# .......
........#########.......
##########.....)@g......
##.#######.....#
######.....# ....#
#...##.....# ...#
#.#.##.....# ..#
#.#.##.....# ##
####.#.##.....# #######
.....#.##.....######.#
#.....#
######.##............#
#.###.#


You could see a gnoll.

Vanquished Creatures
  3 gnolls (D:2)
  An adder (D:2)
  A worm (D:2)
  5 endoplasms (D:1)
  A giant cockroach (D:2)
  6 goblins
  2 hobgoblins (D:2)
  A kobold (D:1)
  A quokka (D:2)
  3 ball pythons (D:1)
  4 bats
  4 frilled lizards
  6 rats
38 creatures vanquished.

Notes
Turn   | Place    | Note
-------+----------+-------------------------------------------
     0 | D:1      | Dauddaud the Minotaur Berserker began the quest for the
                  | Orb.
     0 | D:1      | Reached XP level 1. HP: 19/19 MP: 0/0
    39 | D:1      | You fall into a shaft and drop 1 floor!
    45 | D:2      | Reached skill level 4 in Axes
   247 | D:2      | Reached XP level 2. HP: 26/26 MP: 1/1
   405 | D:1      | Reached skill level 5 in Axes
   539 | D:1      | Reached XP level 3. HP: 30/31 MP: 2/2
   938 | D:1      | Reached ** piety under Trog
  1596 | D:2      | Reached skill level 6 in Axes
  1596 | D:2      | Reached XP level 4. HP: 7/39 MP: 3/3
  1598 | D:2      | HP: 1/58 [gnoll/+0 spear (2)]
  1600 | D:2      | Slain by a gnoll

Illustrated notes

Levels and vault maps discovered:
D:1:      lemuel_arrival_room, layout_basic, st_stairs_3
D:2:      layout_basic, minmay_bisected

Skill      XL: |  1  2  3 |
---------------+----------+-----
Axes           | 4 5 6 |  6.1
Fighting       | |  3.6
Armour         | |  2.4
Dodging        | |  2.1

Action                   |  1- 3 |  4- 6 || total
-------------------------+-------+-------++-------
Melee: Hand axe          |    76 |     2 ||    78
       Headbutt          |     8 |       ||     8
       Punch             |     1 |       ||     1
Invok: Berserk           |       |     1 ||     1
Armor: Animal skin       |     5 |       ||     5
       Chain mail        |    25 |     1 ||    26
Dodge: Dodged            |    40 |     1 ||    41

Table legend: (Time is in decaauts)
 A = Elapsed time spent in this place.
 B = Non-inter-level travel time spent in this place.
 C = Inter-level travel time spent in this place.
 D = Time resting spent in this place.
 E = Time spent auto-exploring this place.
 F = Levels seen in this place.
 G = Mean time per level.
                   A        B        C        D        E       F      G
               +--------+--------+--------+--------+--------+-----+--------+
         Total |   1604 |   1529 |     75 |      0 |   1313 |   2 |  802.0 |
       Dungeon |   1604 |   1529 |     75 |      0 |   1313 |   2 |  802.0 |
               +--------+--------+--------+--------+--------+-----+--------+

Top non-repeatable levels by time:
     D:1: 814 daAuts
     D:2: 789 daAuts
